 Dungeon Crawl Stone Soup version 0.29-a0-322-g68df515428 (webtiles) character file.

Game seed: 1661586743201532318

8459 experimilk the Cleaver (level 11, -1/95 HPs)
             Began as a Palentonga Fighter on Apr 5, 2022.
             Was a Follower of Ru.
             Slain by a boulder beetle (21 damage)
             ... on level 11 of the Dungeon.
             The game lasted 00:38:08 (17316 turns).

experimilk the Cleaver (Palentonga Fighter)        Turns: 17316, Time: 00:38:09

Health: -1/95      AC: 24    Str: 23    XL:     11   Next: 10%
Magic:  11/11      EV:  4    Int:  8    God:    Ru [*.....]
Gold:   579        SH:  4    Dex: 10    Spells: 10/10 levels left

rFire   . . .      SeeInvis +   a - +0 war axe
rCold   . . .      Faith    .   c - +0 buckler
rNeg    + . .      Spirit   .   E - +0 plate armour
rPois   +          Reflect  .   C - +0 helmet
rElec   .          Harm     .   i - +2 ratskin cloak {*Rats rPois rN+ Str-1 Int-1 Dex+1}
rCorr   .          Rampage  .   w - +1 pair of gloves
Will    +....                   (no barding)
Stlth   ..........              (no amulet)
HPRegen 0.25/turn               D - ring of willpower
MPRegen 0.12/turn               (no ring)

@: studying Bows, invisible, curled up
A: large, rugged brown scales 3, see invisible, deformed body, no fire magic, no
necromancy magic, no transmutations magic, roll 1, armoured tail, reflexive curl
a: Rolling Charge, Renounce Religion


You were on level 11 of the Dungeon.
You worshipped Ru.
Ru was aware of your devotion.
You visited 2 branches of the dungeon, and saw 12 of its levels.
You also visited: Ossuary.

You collected 661 gold pieces.
You spent 82 gold pieces at shops.

Inventory:

Hand Weapons
 a - a +0 war axe (weapon)
 s - a +0 war axe
 B - a +0 war axe
Missiles
 A - 2 throwing nets
Armour
 b - a +0 scale mail
 c - a +0 buckler (worn)
 i - the +2 ratskin cloak (worn) {*Rats rPois rN+ Str-1 Int-1 Dex+1}
   (You found it on level 6 of the Dungeon)

   When the wearer is hurt, rats may emerge from it to assist them.
   Str:       It affects your strength (-1).
   Int:       It affects your intelligence (-1).
   Dex:       It affects your dexterity (+1).
   rPois:     It protects you from poison.
   rN:        It protects you from negative energy.
 m - a +0 chain mail
 n - a +0 ring mail
 w - a +1 pair of gloves (worn)
 C - a +0 helmet (worn)
 E - a +0 plate armour (worn)
Jewellery
 t - a ring of ice
 D - a ring of willpower (left hand)
 H - a ring of wizardry
 O - a ring of ice
 Q - an amulet of guardian spirit
Wands
 u - a wand of flame (8) (quivered)
 y - a wand of polymorph (7)
 P - a wand of iceblast (8)
Scrolls
 d - a scroll of summoning
 e - 4 scrolls of amnesia
 h - 4 scrolls of teleportation
 j - 3 scrolls of enchant weapon
 l - a scroll of silence
 v - 2 scrolls of enchant armour
 x - 3 scrolls of magic mapping
 G - a scroll of blinking
 J - 2 scrolls of vulnerability
 L - a scroll of torment {unknown}
Potions
 f - 3 potions of mutation
 k - 7 potions of curing
 o - 3 potions of attraction
 q - a potion of magic
 r - a potion of haste
 z - a potion of brilliance
 I - 4 potions of lignification
 K - a potion of cancellation
 N - a potion of flight


   Skills:
 + Level 9.0 Fighting
 * Level 12.0 Axes
 + Level 6.0 Armour
 - Level 2.4 Shields
 * Level 6.0 Evocations


You had 10 spell levels left.
You didn't know any spells.
Your spell library contained the following spells:

 Spells                   Type           Power      Damage    Failure   Level
 Blink                    Tloc           0%         N/A       100%        2
 Passage of Golubria      Tloc           0%         N/A       100%        4
 Freezing Cloud           Conj/Ice/Air   0%         6-21      100%        5
 Manifold Assault         Tloc           0%         N/A       100%        5
 Silence                  Hex/Air        0%         N/A       100%        5
 Lehudib's Crystal Spear  Conj/Erth      0%         10d2      100%        8
 Polar Vortex             Ice            0%         N/A       100%        9
 Sublimation of Blood     Necr           Unusable   N/A       N/A         2
 Petrify                  Tmut/Erth      Unusable   N/A       N/A         4
 Irradiate                Conj/Tmut      Unusable   3d13      N/A         5
 Simulacrum               Ice/Necr       Unusable   N/A       N/A         6
 Storm Form               Tmut/Air       Unusable   N/A       N/A         7

Dungeon Overview and Level Annotations

Branches:
Dungeon (11/15)            Temple (1/1) D:5            Lair (0/6) D:11
Ossuary (visited)
    Orc: D:9-12

Altars:
Ashenzari
Cheibriados
Dithmenos
Elyvilon
Fedhas
Gozag
Hepliaklqana
Kikubaaqudgha
Makhleb
Nemelex Xobeh
Okawaru
Qazlal
Ru
Sif Muna
Trog
Uskayaw
Vehumet
Wu Jian
Xom
Yredelemnul
Zin
The Shining One

Shops:
D:4 **

Annotations:
D:5 5 runed translucent doors
D:6 1 runed translucent door, Crazy Yiuf


Innate Abilities, Weirdness & Mutations

You are completely covered in rugged brown scales. (AC +3, +7% HP)
You have supernaturally acute eyesight. (SInv)
Armour fits poorly on your strangely shaped body.
You cannot study or cast Fire magic.
You cannot study or cast Necromancy magic.
You cannot study or cast Transmutations magic.
You can roll at nearby foes to attack.
You have a long armoured tail.
You curl defensively after being hit. (AC +7*)


Message History

You block the bullfrog's attack.
You hit the boulder beetle.
The boulder beetle is moderately wounded.
You barely miss the bullfrog.
You feel yourself speed up. The bullfrog hits you.
The boulder beetle bites you but does no damage.
The bullfrog hits you but does no damage.
The boulder beetle bites you!
Unknown command.
You hit the boulder beetle but do no damage.
The boulder beetle is moderately wounded.
You barely miss the bullfrog.
The bullfrog hits you but does no damage.
The boulder beetle bites you!!
* * * LOW HITPOINT WARNING * * *
You block the bullfrog's attack.
You feel much better.
The bullfrog hits you but does no damage.
The boulder beetle bites you!
* * * LOW HITPOINT WARNING * * *
You feel much better. The bullfrog hits you.
The boulder beetle barely misses you.
The bullfrog hits you but does no damage.
You fade into invisibility!
The bullfrog hits you but does no damage.
The boulder beetle bites you!!
* * * LOW HITPOINT WARNING * * *
You completely miss the bullfrog.
The bullfrog is severely wounded.
You hit the boulder beetle but do no damage.
The bullfrog hits you.
* * * LOW HITPOINT WARNING * * *
The boulder beetle is stunned by your conviction and fails to attack.
The bullfrog barely misses you.
You catch the helpless bullfrog completely off-guard!
You hit the bullfrog.
You kill the bullfrog!
You slash the boulder beetle! The boulder beetle bites you!!
You die...

.......## ..... .###.....
.>....§§## #............
#.....
.##...§§§###............
##....
.####.§§§.#.............
#.P.. ##
##.§r..............# ##...
## ##§§...............#
##...P .#
##§................###.#...
.## ##.......†.#
#....#...... ..#
#.......@## #.....#....
..## ##......B.###
##.^.##.... ...#
##.........#####.##.....
...# #...........##..#
..... ...#
##...........#.## .... ...#
##..........>.## .... ...#
#.............# ...#
##.............).. ...#
...................


You could see a boulder beetle (can't see you).

Vanquished Creatures
  2 two-headed ogres
  A cyclops (D:10)
  A gargoyle (D:11)
  An unseen horror (D:10)
  A troll (D:10)
  A wraith (D:11)
  2 shadows (D:11)
  A yak (D:11)
  A steam dragon (D:6)
  Edmund (D:6)
  Menkaure (Ossuary)
  2 water moccasins
  3 orc warriors
  2 sky beasts
  2 ice beasts
  4 ogres
  4 phantoms
  2 kobold brigands
  5 bullfrogs
  4 wights (D:8)
  8 killer bees
  3 howler monkeys
  3 hounds
  2 jellies
  5 orc priests
  3 hell rats (D:6)
  8 orc wizards
  3 mummies (Ossuary)
  6 gnolls
  8 adders
  15 river rats (D:6)
  2 shadow imps
  A white imp (D:8)
  4 ufetubi
  2 worms
  3 dart slugs
  39 orcs
  4 ball pythons
  3 endoplasms (D:1)
  4 giant cockroaches
  2 gnoll zombies (Ossuary)
  3 goblins
  6 hobgoblins
  2 jackals (D:2)
  10 kobolds
  2 quokkas
  4 bats (D:1)
  3 frilled lizards
  4 gnoll skeletons (Ossuary)
  4 goblin skeletons (Ossuary)
  5 goblin zombies (Ossuary)
  5 hobgoblin skeletons (Ossuary)
  2 hobgoblin zombies (Ossuary)
  5 kobold skeletons (Ossuary)
  7 kobold zombies (Ossuary)
  3 orc skeletons (Ossuary)
  2 orc zombies (Ossuary)
  6 rats
  3 rat skeletons (Ossuary)
  6 rat zombies (Ossuary)
251 creatures vanquished.

Vanquished Creatures (collateral kills)
  2 two-headed ogres (D:10)
  A troll (D:11)
  A steam dragon (D:8)
  An orc (D:11)
  A gnoll zombie (Ossuary)
  A gnoll skeleton (Ossuary)
7 creatures vanquished.

Vanquished Creatures (others)
  A scorpion (D:7)
  13 fungi (D:11)
  14 plants
28 creatures vanquished.

Grand Total: 286 creatures vanquished

Notes
Turn   | Place    | Note
-------+----------+-------------------------------------------
     0 | D:1      | experimilk the Palentonga Fighter began the quest for the
                  | Orb.
     0 | D:1      | Reached XP level 1. HP: 19/19 MP: 1/1
   186 | D:1      | Reached skill level 3 in Axes
   186 | D:1      | Reached XP level 2. HP: 16/25 MP: 2/2
   397 | D:1      | Reached XP level 3. HP: 29/31 MP: 3/3
  1328 | D:2      | Reached skill level 4 in Axes
  1329 | D:2      | You fall into a shaft and drop 1 floor!
  1484 | D:3      | Reached XP level 4. HP: 24/37 MP: 4/4
  2987 | D:2      | Reached skill level 5 in Axes
  3219 | D:2      | Found a faded altar of an unknown god.
  3580 | D:3      | Reached XP level 5. HP: 16/43 MP: 5/5
  3974 | D:4      | Noticed an ogre
  3977 | D:4      | Killed an ogre
  3978 | D:4      | Reached skill level 6 in Axes
  4011 | D:4      | Found Xoum's General Store.
  4013 | D:4      | Found Ikhlekitoja's Specific Store.
  4021 | D:4      | Bought a scroll of identify for 22 gold pieces
  4021 | D:4      | Bought a scroll of fear for 38 gold pieces
  4021 | D:4      | Bought a scroll of identify for 22 gold pieces
  4389 | D:4      | Noticed a phantom
  4395 | D:4      | Killed a phantom
  4396 | D:4      | Reached skill level 1 in Evocations
  4396 | D:4      | Reached XP level 6. HP: 44/50 MP: 6/6
  5004 | D:5      | Entered Level 5 of the Dungeon
  5318 | D:6      | Gained mutation: You curl defensively after being hit. (AC
                  | +7*) [Palentonga growth]
  5318 | D:6      | Reached XP level 7. HP: 52/56 MP: 7/7
  5905 | D:5      | Found a staircase to the Ecumenical Temple.
  5930 | D:5      | Reached skill level 7 in Axes
  6055 | Temple   | Entered the Ecumenical Temple
  6193 | Temple   | Became a worshipper of Ru the Awakened
  6303 | D:5      | Found the +9 staff of Olgreb {rPois∞}
  6308 | D:5      | Found a runed translucent door.
  6361 | D:5      | Reached skill level 5 in Fighting
  6361 | D:5      | Reached XP level 8. HP: 37/66 MP: 8/8
  6644 | D:5      | Found a runed translucent gate.
  6646 | D:5      | Found a runed translucent gate.
  6646 | D:5      | Found a runed translucent gate.
  6654 | D:5      | Found a runed translucent door.
  6839 | D:6      | Found a glowing golden altar of the Shining One.
  7001 | D:6      | Found an opulent altar of Gozag.
  7001 | D:6      | Found a sparkling altar of Nemelex Xobeh.
  7002 | D:6      | Found an iron altar of Okawaru.
  7242 | D:6      | Noticed Edmund
  7243 | D:6      | Reached skill level 8 in Axes
  7254 | D:6      | Killed Edmund
  7695 | D:6      | Found a runed translucent door.
  7696 | D:6      | Noticed Crazy Yiuf
  8456 | D:6      | Reached skill level 9 in Axes
  8840 | D:6      | HP: 3/65 [river rat (6)]
  9108 | D:6      | Found the +2 ratskin cloak {*Rats rPois rN+ Str-1 Int-1
                  | Dex+1}
  9297 | D:7      | Found a stormy altar of Qazlal.
  9309 | D:7      | Found a blossoming altar of Fedhas.
  9381 | D:7      | Found a sand-covered staircase.
  9386 | Ossuary  | Entered an ossuary
  9403 | Ossuary  | Gained mutation: You cannot study or cast Fire magic. [Ru
                  | sacrifice]
  9403 | Ossuary  | Gained mutation: You cannot study or cast Transmutations
                  | magic. [Ru sacrifice]
  9403 | Ossuary  | Gained mutation: You cannot study or cast Necromancy magic.
                  | [Ru sacrifice]
  9403 | Ossuary  | Reached * piety under Ru
  9701 | Ossuary  | Reached XP level 9. HP: 45/73 MP: 9/9
  9705 | Ossuary  | Noticed Menkaure
  9712 | Ossuary  | Killed Menkaure
 10389 | D:7      | Found a shadowy altar of Dithmenos.
 10417 | D:7      | Found a broken altar of Ashenzari.
 11173 | D:8      | Found a snail-covered altar of Cheibriados.
 11444 | D:8      | Reached skill level 10 in Axes
 11444 | D:8      | Reached skill level 5 in Evocations
 12558 | D:9      | Noticed a two-headed ogre
 12567 | D:9      | Killed a two-headed ogre
 12924 | D:9      | Reached XP level 10. HP: 76/84 MP: 10/10
 13534 | D:9      | Found an ornate altar of the Wu Jian Council.
 14718 | D:10     | Entered Level 10 of the Dungeon
 15143 | D:10     | Found a hide-covered altar of Uskayaw.
 15445 | D:10     | Reached skill level 11 in Axes
 15551 | D:10     | Noticed a two-headed ogre
 15563 | D:10     | Killed a two-headed ogre
 15564 | D:10     | Reached skill level 5 in Armour
 15892 | D:10     | Noticed a cyclops
 15898 | D:10     | Killed a cyclops
 16037 | D:10     | Found a bloodstained altar of Trog.
 16040 | D:10     | Noticed a two-headed ogre
 16047 | D:10     | Killed a two-headed ogre
 16336 | D:11     | Noticed a boulder beetle
 16355 | D:11     | Noticed a two-headed ogre
 16454 | D:11     | Killed a two-headed ogre
 16455 | D:11     | Reached skill level 12 in Axes
 16900 | D:11     | Noticed a gargoyle
 16920 | D:11     | Killed a gargoyle
 16921 | D:11     | Reached XP level 11. HP: 93/93 MP: 11/11
 17121 | D:11     | Found a staircase to the Lair.
 17316 | D:11     | Slain by a boulder beetle

Illustrated notes

Levels and vault maps discovered:
D:1:      dpeg_arrival_refuge, layout_basic
D:2:      layout_basic, ebering_ecumenical_altar_webs, minmay_tetromino_o2
D:3:      layout_rooms, kennysheep_generic_room_7
D:4:      layout_basic, nicolae_specific_store, kennysheep_nondescript
D:5:      layout_basic, minmay_temple_entry_tees, st_stairs_3,
          amethyst_killhole, dk_vineyard_1,
          minmay_guarded_unrand_staff_of_olgreb
D:6:      wander_guarded_unrand_ratskin, layout_rooms, tso_metal_star,
          gammafunk_temple_overflow_claw, uniq_edmund, uniq_crazy_yiuf_cottage
D:7:      layout_rooms, grunt_temple_overflow_forces_of_nature,
          ashenzari_altar_1, mainiacjoe_overflow_boulevard,
          nicolae_ossuary_entry_plus
D:8:      minmay_weird_star, layout_basic, mainiacjoe_overflow_catwalk
D:9:      layout_stronghold, mainiacjoe_overflow_six_doors_small
D:10:     layout_basic, mainiacjoe_overflow_alcove_2,
          nicolae_overflow_crystal_walls
D:11:     layout_cave_pods, grunt_lair_entry_orc_guard_hut, hiddenorc2_lemuel
Temple:   compressed_dpeg_circular_temple

Skill      XL: |  1  2  3  4  5  6  7  8  9 10 11 |
---------------+----------------------------------+-----
Axes           | 3 4 5 6 7 9 10 12 | 12.0
Evocations     | 1 2 3 5 6 |  6.0
Armour         | 3 4 6 |  6.0
Fighting       | 5 6 7 8 9 |  9.0
Shields        | |  2.4

Action                   |  1- 3 |  4- 6 |  7- 9 | 10-12 || total
-------------------------+-------+-------+-------+-------++-------
Melee: War axe           |    77 |   161 |   361 |   172 ||   771
       Tailslap          |     8 |    11 |    49 |    27 ||    95
Invok: Sacrifice Arcana  |       |       |     1 |       ||     1
       Reject Sacrifices |       |       |     1 |       ||     1
 Abil: Rolling Charge    |     8 |    23 |    40 |    34 ||   105
Evoke: Wand              |       |     2 |    10 |    16 ||    28
  Use: Potion            |     1 |     1 |     6 |     8 ||    16
       Scroll            |       |     9 |    12 |     6 ||    27
 Stab: Invisible         |       |     1 |     7 |     1 ||     9
       Distracted        |       |       |     1 |       ||     1
Armor: Scale mail        |    27 |       |       |       ||    27
       Ring mail         |    19 |    75 |    69 |       ||   163
       Plate armour      |       |       |   145 |   100 ||   245
       Skin              |       |       |       |    43 ||    43
Dodge: Dodged            |    34 |    68 |   103 |    35 ||   240
Block: Buckler           |    24 |    37 |    52 |    32 ||   145

Table legend: (Time is in decaauts)
 A = Elapsed time spent in this place.
 B = Non-inter-level travel time spent in this place.
 C = Inter-level travel time spent in this place.
 D = Time resting spent in this place.
 E = Time spent auto-exploring this place.
 F = Levels seen in this place.
 G = Mean time per level.
                   A        B        C        D        E       F      G
               +--------+--------+--------+--------+--------+-----+--------+
         Total |  17427 |  17025 |    402 |   8341 |   5037 |  13 | 1340.5 |
       Dungeon |  16341 |  15939 |    402 |   7984 |   4750 |  11 | 1485.5 |
        Temple |    142 |    142 |      0 |      0 |     80 |   1 |  142.0 |
       Ossuary |    942 |    942 |      0 |    357 |    207 |   1 |  942.0 |
               +--------+--------+--------+--------+--------+-----+--------+

Top non-repeatable levels by time:
     D:6: 2567 daAuts
     D:9: 2306 daAuts
     D:3: 2043 daAuts
    D:10: 1562 daAuts
     D:5: 1553 daAuts
     D:8: 1353 daAuts
     D:4: 1262 daAuts
     D:1: 1262 daAuts
    D:11: 999 daAuts
 Ossuary: 942 daAuts
     D:7: 923 daAuts
     D:2: 508 daAuts
  Temple: 142 daAuts
